 Dungeon Crawl Stone Soup version 0.30-a0-830-gfe289a77b0 (webtiles) character file.

Game seed: 14618371197499390263

6 hikkokomori the Vexing (level 1, -2/17 HPs)
             Began as a Gnoll Wanderer on Mar 1, 2023.
             Slain by a kobold
             ... wielding a +0 whip
              (3 damage)
             ... on level 1 of the Dungeon.
             The game lasted 00:00:46 (261 turns).

hikkokomori the Vexing (Gnoll Wanderer)              Turns: 261, Time: 00:00:47

Health: -2/17      AC:  3    Str: 10    XL:     1   Next: 90%
Magic:  6/6        EV: 11    Int: 12    God:
Gold:   24         SH:  0    Dex: 11    Spells: 8/9 levels left

rFire   . . .      SeeInvis .    a - +0 mace
rCold   . . .      Faith    .    (no shield)
rNeg    . . .      Spirit   .    d - +0 robe
rPois   .          Reflect  .    (no helmet)
rElec   .          Harm     .    (no cloak)
rCorr   .          Rampage  .    (no gloves)
Will    .....                    b - +0 pair of boots
Stlth   ++                       (no amulet)
HPRegen 0.22/turn                (no ring)
MPRegen 0.10/turn                (no ring)

@: no status effects
A: fangs 1, strong nose, distributed training
a: no special abilities


You were on level 1 of the Dungeon.
You visited 1 branch of the dungeon, and saw 1 of its levels.

You collected 24 gold pieces.

Inventory:

Hand Weapons
 a - a +0 mace (weapon)
Armour
 b - a +0 pair of boots (worn)
 d - a +0 robe (worn)
Scrolls
 c - a scroll of blinking
 f - a scroll of noise {unknown}
 h - a scroll of identify {unknown}
Potions
 e - 2 potions of heal wounds {unknown}
 g - a potion of mutation {unknown}


   Skills:
 + Level 2.4 Fighting
 + Level 0.2 Short Blades
 + Level 0.2 Long Blades
 + Level 0.2 Axes
 + Level 2.4 Maces & Flails
 + Level 0.2 Polearms
 + Level 0.2 Staves
 + Level 0.2 Ranged Weapons
 + Level 0.2 Throwing
 + Level 0.2 Armour
 + Level 0.2 Dodging
 + Level 4.0 Stealth
 + Level 0.2 Shields
 + Level 0.2 Unarmed Combat
 + Level 4.9 Spellcasting
 + Level 0.1 Conjurations
 + Level 5.3 Hexes
 + Level 0.1 Summonings
 + Level 0.1 Necromancy
 + Level 0.1 Translocations
 + Level 0.1 Transmutations
 + Level 0.1 Fire Magic
 + Level 0.1 Ice Magic
 + Level 0.1 Air Magic
 + Level 0.1 Earth Magic
 + Level 0.1 Poison Magic
 + Level 0.3 Invocations
 + Level 2.4 Evocations


You had 8 spell levels left.
You knew the following spells:

 Your Spells              Type           Power      Damage    Failure   Level
a - Slow                  Hex            60%        N/A       2%          1

Your spell library contained the following spells:

 Spells                   Type           Power      Damage    Failure   Level
 Confusing Touch          Hex            15%        N/A       7%          3
 Tukima's Dance           Hex            15%        N/A       7%          3
 Vampiric Draining        Necr           3%         2d6       50%         3


Dungeon Overview and Level Annotations

Branches:
Dungeon (1/15)

Altars:


Innate Abilities, Weirdness & Mutations

You have very sharp teeth.
Your uncanny sense of smell can sniff out nearby items.
Your experience applies equally to all skills.


Message History

You are too injured to fight recklessly!
You are too injured to fight recklessly!
You are too injured to fight recklessly!
You are too injured to fight recklessly!
You are too injured to fight recklessly!
You are too injured to fight recklessly!
You are too injured to fight recklessly!
You are too injured to fight recklessly!
You are too injured to fight recklessly!
You are too injured to fight recklessly!
You are too injured to fight recklessly!
You are too injured to fight recklessly!
You are too injured to fight recklessly!
You are too injured to fight recklessly!
You are too injured to fight recklessly!
You are too injured to fight recklessly!
You are too injured to fight recklessly!
You are too injured to fight recklessly!
You are too injured to fight recklessly!
You are too injured to fight recklessly!
You are too injured to fight recklessly!
You are too injured to fight recklessly!
You are too injured to fight recklessly!
You are too injured to fight recklessly!
You are too injured to fight recklessly!
You are too injured to fight recklessly!
You hit the endoplasm.
You bite the endoplasm, but do no damage.
The endoplasm is moderately wounded.
The bat barely misses you. The goblin hits you with a +0 dagger.
* * * LOW HITPOINT WARNING * * *
The kobold closely misses you. The endoplasm freezes you.
You are frozen.
* * * LOW HITPOINT WARNING * * *
You hit the endoplasm.
The endoplasm is heavily wounded.
The bat barely misses you. The goblin completely misses you.
The kobold hits you with a +0 whip.
You die...

...... #####...>...
#........... #.....!...#
#.........### #............
...##.lKg........ ∆
#....J@......... ∆
[......b.........
..........###### #....##
...........## #.....
.........#..## #....##
~~#####~~#≈~..#####......
≈≈#.#≈≈#≈~≈.....##.....#
.≈≈≈#≈#.#≈#≈≈~.≈≈##.##......
≈.≈~#≈~.≈≈#≈≈.~~≈##.##......


You could see an endoplasm, a goblin, a bat, a kobold and a frilled lizard.

Vanquished Creatures
  An endoplasm (D:1)
  A quokka (D:1)
  2 ball pythons (D:1)
  A kobold (D:1)
  2 rats (D:1)
7 creatures vanquished.

Notes
Turn   | Place    | Note
-------+----------+-------------------------------------------
     0 | D:1      | hikkokomori the Gnoll Wanderer began the quest for the Orb.
     0 | D:1      | hikkokomori set off with the following items: a +0 mace, a
                  | +0 pair of boots, a scroll of blinking, a +0 robe; and the
                  | following spell memorised: Slow; and the following spells
                  | available to memorise: Confusing Touch, Tukima's Dance.
     0 | D:1      | Reached XP level 1. HP: 17/17 MP: 6/6
   261 | D:1      | Slain by a kobold

Illustrated notes

Levels and vault maps discovered:
D:1:      spicycebolla_arrival_xxxplode, layout_basic

Action                     || total
---------------------------++-------
  Melee: Mace              ||    20
         Bite              ||     3
   Stab: Sleeping          ||     3
 Armour: Robe              ||    10
  Dodge: Dodged            ||    30

Table legend: (Time is in decaauts)
 A = Elapsed time spent in this place.
 B = Non-inter-level travel time spent in this place.
 C = Inter-level travel time spent in this place.
 D = Time resting spent in this place.
 E = Time spent auto-exploring this place.
 F = Levels seen in this place.
 G = Mean time per level.
                   A        B        C        D        E       F      G
               +--------+--------+--------+--------+--------+-----+--------+
         Total |    268 |    268 |      0 |      0 |    200 |   1 |  268.0 |
       Dungeon |    268 |    268 |      0 |      0 |    200 |   1 |  268.0 |
               +--------+--------+--------+--------+--------+-----+--------+

Top non-repeatable levels by time:
     D:1: 268 daAuts
